 Dungeon Crawl Stone Soup version 0.31.0-11-ge490571c62 (webtiles) character file.

Game seed: 16707197554028660042

149 qw the Skirmisher (level 5, -3/29 HPs)
             Began as a Deep Elf Hunter on Feb 4, 2024.
             Slain by a gnoll
             ... wielding a +0 spear
              (5 damage)
             ... on level 2 of the Dungeon.
             The game lasted 00:00:07 (1126 turns).

qw the Skirmisher (Deep Elf Hunter)                 Turns: 1126, Time: 00:00:08

Health: -3/29      AC:  5    Str: 10    XL:     5   Next: 9%
Magic:  7/7        EV: 11    Int: 14    God:
Gold:   101        SH:  0    Dex: 18    Spells: 4/4 levels left

rFire   . . .        a - +1 shortbow (flame)
rCold   . . .        (shield currently unavailable)
rNeg    . . .        d - +0 ring mail
rPois   .            (no helmet)
rElec   .            (no cloak)
rCorr   .            (no gloves)
SInv    .            (no boots)
Will    .....        (no amulet)
Stlth   +            (no ring)
HPRegen 0.24/turn    (no ring)
MPRegen 0.10/turn

%: no passive effects
@: no status effects
A: no striking features
a: no special abilities


You were on level 2 of the Dungeon.
You visited 1 branch of the dungeon, and saw 2 of its levels.

You collected 101 gold pieces.


   Skills:
 - Level 1.5 Fighting
 + Level 8.5 Ranged Weapons
 - Level 2.4 Dodging
 - Level 1.2 Stealth


You had 4 spell levels left.
You didn't know any spells.
Your spell library was empty.

Inventory:

Hand Weapons
 a - a +1 shortbow of flaming (weapon)
Armour
 d - a +0 ring mail (worn)
 j - a +0 cloak
Scrolls
 b - a scroll of enchant armour {unknown}
 c - a scroll of teleportation {unknown}
 e - 2 scrolls of identify {unknown}
 g - a scroll of revelation {unknown}
Potions
 f - a potion of haste {unknown}
 h - a potion of enlightenment {unknown}
 i - a potion of curing {unknown}
 l - a potion of resistance {unknown}
 m - a potion of lignification {unknown}

Dungeon Overview and Level Annotations

Branches:
Dungeon (2/15)

Altars:


Message History

The arrow hits the hobgoblin.
The arrow burns the hobgoblin.
The hobgoblin is severely wounded.
The giant cockroach closely misses you. The gnoll closely misses you.
The gnoll completely misses you.
You shoot an arrow. The arrow hits the giant cockroach!
The arrow burns the giant cockroach.
You kill the giant cockroach!
The gnoll barely misses you. x2
You have reached level 5!
You shoot an arrow. The arrow hits the hobgoblin!
The arrow burns the hobgoblin.
You kill the hobgoblin!
The gnoll hits you from afar with a +0 spear.
The gnoll hits you with a +0 club.
You shoot an arrow. The arrow hits the gnoll.
The arrow burns the gnoll.
The gnoll is moderately wounded.
The gnoll barely misses you. x2
You shoot an arrow. The arrow hits the gnoll.
The arrow burns the gnoll.
The gnoll is heavily wounded.
The gnoll barely misses you. x2
The gnoll hits you from afar with a +0 spear.
The gnoll hits you with a +0 club.
You shoot an arrow. The arrow hits the gnoll.
The arrow burns the gnoll.
The gnoll is heavily wounded.
The gnoll hits you but does no damage. The gnoll hits you with a +0 club.
You shoot an arrow. The arrow barely misses the gnoll.
The gnoll hits you from afar with a +0 spear.
The gnoll barely misses you.
You shoot an arrow. The arrow barely misses the gnoll.
The gnoll hits you from afar with a +0 spear.
The gnoll barely misses you.
You shoot an arrow. The arrow hits the gnoll.
The arrow burns the gnoll.
You kill the gnoll!
The gnoll closely misses you.
You shoot an arrow. The arrow closely misses the gnoll.
The gnoll closely misses you.
You shoot an arrow. The arrow hits the gnoll.
The arrow burns the gnoll.
The gnoll is heavily wounded.
The gnoll hits you but does no damage.
The gnoll hits you from afar with a +0 spear.
You die...

###### ....####
#......# #......#
#<.....#
##'##.)....#
.....)%@...#
.....g#'########
## ..)..
#........# #. ....
########.########.
...
'..............)..
..
########.########.
.
#######.####.###.
.................
#######.####.....


You could see a gnoll.

Vanquished Creatures
  8 gnolls
  2 adders (D:2)
  A dart slug (D:1)
  5 bats
  4 endoplasms
  4 giant cockroaches (D:2)
  3 goblins
  7 hobgoblins
  4 jackals (D:1)
  5 kobolds (D:1)
  2 quokkas (D:1)
  2 ball pythons (D:1)
  A frilled lizard (D:1)
  2 rats (D:1)
50 creatures vanquished.

Notes
Turn   | Place    | Note
-------+----------+-------------------------------------------
     0 | D:1      | qw the Deep Elf Hunter began the quest for the Orb.
     0 | D:1      | Reached XP level 1. HP: 12/12 MP: 3/3
     0 | D:1      | 0 ||| qw: Version: 0.3-a-160-g6735b56
     0 | D:1      | 0 ||| qw: Game counter: 5963
     0 | D:1      | 0 ||| qw: Melee chars always use a shield: true
     0 | D:1      | 0 ||| qw: God list: Okawaru
     0 | D:1      | 0 ||| qw: Allow faded altars: false
     0 | D:1      | 0 ||| qw: Do Orc after clearing Dungeon:15 true
     0 | D:1      | 0 ||| qw: Do second Lair branch before Depths: true
     0 | D:1      | 0 ||| qw: Lair rune preference: random
     0 | D:1      | 0 ||| qw: Goals: Normal
     0 | D:1      | 0 ||| PLANNING D:1-11
    46 | D:1      | Reached skill level 6 in Ranged Weapons
    46 | D:1      | Reached XP level 2. HP: 16/16 MP: 4/4
   156 | D:1      | 156 ||| RETREEEEATING.
   157 | D:1      | 157 ||| RETREEEEATING.
   171 | D:1      | Reached XP level 3. HP: 20/20 MP: 5/5
   359 | D:1      | Reached skill level 7 in Ranged Weapons
   415 | D:1      | 415 ||| UPGRADING to +0 ring mail.
   425 | D:1      | 425 ||| DROPPING +0 leather armour.
   426 | D:1      | 426 ||| READING scroll labelled MAFOYC GYTT.
   527 | D:1      | 527 ||| READING scroll labelled AGAENLAUTZ.
   528 | D:1      | 528 ||| READING scroll labelled ACORAACYJAN.
   528 | D:1      | 528 ||| BRANDING +0 shortbow.
   529 | D:1      | 529 ||| READING scroll labelled UKHOJA CESIAX.
   530 | D:1      | 530 ||| READING scroll labelled XINUIL GOQO.
   530 | D:1      | 530 ||| ENCHANTING +0 shortbow of flaming.
   531 | D:1      | 531 ||| DROPPING scroll of butterflies.
   555 | D:2      | Found a faded altar of an unknown god.
   754 | D:2      | 754 ||| RETREEEEATING.
   757 | D:2      | Reached XP level 4. HP: 17/25 MP: 6/6
   920 | D:2      | Reached skill level 8 in Ranged Weapons
  1118 | D:2      | Reached XP level 5. HP: 20/29 MP: 7/7
  1122 | D:2      | HP: 5/29 [gnoll/+0 spear (4)]
  1123 | D:2      | HP: 1/29 [gnoll/+0 spear (4)]
  1126 | D:2      | Slain by a gnoll

Levels and vault maps discovered:
D:1:      dpeg_arrival_rhombus, layout_rooms, serial_glass, glass_columns_c,
          glass_columns_c
D:2:      layout_basic, ebering_ecumenical_altar_sacrificial

Skill      XL: |  1  2  3  4 |
---------------+-------------+-----
Ranged Weapons | 6 7 8 |  8.5
Fighting       | |  1.5
Dodging        | |  2.4
Stealth        | |  1.2

Action                     |  1- 3 |  4- 6 || total
---------------------------+-------+-------++-------
   Fire: Shortbow          |    97 |    31 ||   128
    Use: Scroll            |     5 |       ||     5
 Armour: Leather armour    |     9 |       ||     9
         Ring mail         |     1 |    17 ||    18
  Dodge: Dodged            |    15 |    22 ||    37

Table legend:
 A = Non-vault XP
 B = Vault XP
 C = Vault XP percentage of total XP
 D = Non-vault monster count
 E = Vault monster count
 F = Vault count percentage of total count
                 A         B        C        D         E       F
            +---------+---------+-------+---------+---------+-------
      Total |     213 |       0 |   0.0 |      50 |       0 |   0.0
            +---------+---------+-------+---------+---------+-------
        D:1 |      63 |       0 |   0.0 |      29 |       0 |   0.0
        D:2 |     150 |       0 |   0.0 |      21 |       0 |   0.0
            +---------+---------+-------+---------+---------+-------
